 Dungeon Crawl Stone Soup version 0.27.0-1-g7a089689b8 (webtiles) character file.

Game seed: 11196615344080099523

4031 sanka the Martial Artist (level 10, 0/67 HPs)
             Began as a Kobold Delver on Aug 4, 2021.
             Was a Priest of Okawaru.
             Killed by divine providence
             ... invoked by an orc priest
              (12 damage)
             ... on level 9 of the Dungeon.
             The game lasted 00:27:17 (17127 turns).

sanka the Martial Artist (Kobold Delver)           Turns: 17127, Time: 00:27:18

Health: 0/67       AC:  7    Str:  9    XL:     10   Next: 48%
Magic:  8/14       EV: 14    Int: 15    God:    Okawaru [***...]
Gold:   77         SH:  0    Dex: 17    Spells: 10/14 levels left

rFire    x . .     SeeInvis .     - Unarmed
rCold    + + +     Faith    .   (shield currently unavailable)
rNeg     . . .     Spirit   .   (armour currently unavailable)
rPois    +         Reflect  .   (helmet currently unavailable)
rElec    .         Harm     .   (cloak currently unavailable)
rCorr    .         Rampage  .   (gloves currently unavailable)
Will     .....                  (boots currently unavailable)
Stlth    ++++++....             (no amulet)
HPRegen  0.21/turn              (no ring)
MPRegen  0.14/turn              D - ring of wizardry

@: ice-form, heroic
A: freezing attack, amphibious, boosted hp, large, no large weapons,
nightstalker 3
a: End Transformation, Renounce Religion, Heroism


You were on level 9 of the Dungeon.
You worshipped Okawaru.
Okawaru was most pleased with you.
You were a creature of crystalline ice.
You visited 2 branches of the dungeon, and saw 10 of its levels.

You collected 317 gold pieces.
You spent 240 gold pieces at shops.


Innate Abilities, Weirdness & Mutations

You are a creature of crystalline ice.
You have a powerful freezing melee attack.
You are amphibious.
Your maximum health is increased.
Your armour is entirely melded.
You are incapable of wielding weapons or throwing items.
You are small and have problems with some larger weapons.
You are completely attuned to the shadows.


   Skills:
 - Level 4.0(9.0) Fighting
 - Level 4.1(9.1) Dodging
 - Level 6.6(11.6) Stealth
 * Level 9.0(14.0) Unarmed Combat
 - Level 2.8 Spellcasting
 - Level 7.2 Transmutations
 - Level 7.2 Ice Magic
 - Level 2.0 Invocations


You had 10 spell levels left.
You knew the following spells:

 Your Spells              Type           Power      Damage    Failure   Level
z - Ice Form              Ice/Tmut       23%        N/A       4%          4

Your spell library contained the following spells:

 Spells                   Type           Power      Damage    Failure   Level
 Animate Skeleton         Necr           4%         N/A       9%          1
 Apportation              Tloc           4%         N/A       9%          1
 Corona                   Hex            2%         N/A       9%          1
 Summon Small Mammal      Summ           8%         N/A       9%          1
 Ignite Poison            Fire/Tmut/Pois 9%         N/A       9%          3
 Petrify                  Tmut/Erth      13%        N/A       17%         4
 Hailstorm                Conj/Ice       12%        3d5       19%         4
 Gell's Gravitas          Tloc           1%         N/A       24%         3
 Lesser Beckoning         Tloc           1%         N/A       24%         3
 Mephitic Cloud           Conj/Pois/Air  2%         N/A       24%         3
 Teleport Other           Tloc           2%         N/A       24%         3
 Metabolic Englaciation   Hex/Ice        6%         N/A       45%         5
 Bolt of Magma            Conj/Fire/Erth 1%         4d4       89%         5
 Statue Form              Tmut/Erth      8%         N/A       93%         6
 Simulacrum               Ice/Necr       6%         N/A       94%         6

Inventory:

Hand Weapons
 j - the +5 short sword of the Vendetta (melded) {holy, Fragile rElec Will+}

   It has been blessed by the Shining One to cause great damage to the undead
   and demons.
   rElec:     It insulates you from electricity.
   Fragile:   It will be destroyed if unequipped.
   Will:      It increases your willpower.
 G - the +4 spear of the Lesser Evil {chaos, rElec} Each time it hits an enemy it has a different, random effect. rElec: It insulates you from electricity.
Missiles
 c - 2 throwing nets {=f}
 n - a curare-tipped dart {=f}
 s - 60 poisoned darts
Armour
 a - a +0 robe (melded)
 k - a +1 pair of boots (melded)
 y - a +1 leather armour of cold resistance
Jewellery
 D - a ring of wizardry (right front paw)
Wands
 f - a wand of digging (13)
 q - a wand of charming (11)
 C - a wand of polymorph (13)
Scrolls
 b - a scroll of fog
 d - 3 scrolls of fear
 i - 5 scrolls of blinking
 o - 2 scrolls of immolation {!r}
 p - 6 scrolls of teleportation {@r4}
 t - a scroll of magic mapping
 u - 2 scrolls of holy word
 x - a scroll of enchant weapon
 B - a scroll of summoning
 E - a scroll of amnesia {unknown}
 F - a scroll of acquirement {unknown}
 H - 2 scrolls of identify {@r1}
Potions
 e - 2 potions of haste {@q3}
 h - 7 potions of curing {@q1}
 l - a potion of might {unknown}
 m - 2 potions of attraction {!q}
 r - a potion of flight {unknown}
 v - 2 potions of mutation {!q}
 w - 2 potions of lignification {unknown}
 z - a potion of magic {unknown}
 A - a potion of ambrosia

Dungeon Overview and Level Annotations

Branches:
Dungeon (9/15)             Temple (1/1) D:7             Orc (0/2) D:9
   Lair: D:8-11

Altars:
Ashenzari
Cheibriados
Dithmenos
Elyvilon
Fedhas
Gozag
Hepliaklqana
Kikubaaqudgha
Makhleb
Nemelex Xobeh
Okawaru
Qazlal
Ru
Sif Muna
Trog
Uskayaw
Vehumet
Wu Jian
Xom
Yredelemnul
Zin
The Shining One

Shops:
D:3 ?

Annotations:
D:7 exclusions: deep elf pyromancer and steam dragon
D:8 Erica

▒.▒ ▒.▒ ▒.▒ ▒.▒ ▒.▒ ▒.▒
▒.▒▒▒▒ ▒.▒ ▒.▒ ▒..... ▒▒▒▒.▒
▒.▒ ▒.▒▒▒▒ .....▒▒▒▒▒▒▒▒▒<▒
▒.▒ ▒........)).▒ ▒.▒
▒.▒▒▒▒▒▒▒▒▒Y▒ .▒▒▒▒▒.▒ ▒.▒
▒y▒ ▒.......▒ ▒o▒ ▒▒y▒▒
▒.......▒▒▒▒ ▒.▒
▒▒▒▒.yo▒▒▒▒.......)).. ▒Z▒
▒....8....▒......)▒▒▒▒ ▒.▒
▒.........▒.......▒ ▒.▒
▒(........▒.......▒ ▒.▒
▒▒.........▒.......▒
...o{..Z...................▒


You could see 3 killer bees and an orc priest.


Message History

* * * LOW HITPOINT WARNING * * *
The killer bee closely misses you.
Things that are here:
a +0 dagger; a +0 scale mail; an orc corpse The killer bee stings you but does no damage.
Things that are here:
20 arrows; a +0 shortbow; a centaur skeleton The killer bee stings you but does no damage.
Things that are here:
a +0 dagger; a +0 robe; an orc corpse Use which ability? (? or * to list)
You gain the combat prowess of a mighty hero.
The killer bee stings you but does no damage.
The killer bee misses you.
You turn into a creature of crystalline ice.
The +5 short sword of the Vendetta {holy, Fragile rElec Will+} stops glowing.
The killer bee stings you.
* * * LOW HITPOINT WARNING * * *
You are poisoned.
The killer bee poisons you! The killer bee stings you.
* * * LOW HITPOINT WARNING * * *
Unknown command.
Unknown command.
The killer bee misses you. The killer bee stings you.
* * * LOW HITPOINT WARNING * * *
The orc priest invokes the aid of Beogh against you.
Beogh smites you!
You die...

Action                   |  1- 3 |  4- 6 |  7- 9 | 10-12 || total
-------------------------+-------+-------+-------+-------++-------
Melee: Short sword       |    43 |   133 |   160 |    19 ||   355
       Punch             |       |     2 |     2 |     2 ||     6
       Unarmed           |       |       |   137 |   112 ||   249
Throw: Throwing net      |       |     1 |       |       ||     1
       Dart              |       |       |    17 |       ||    17
 Cast: Ice Form          |       |       |    17 |     9 ||    26
Invok: Heroism           |       |       |     9 |     6 ||    15
  Use: Scroll            |       |     2 |    10 |       ||    12
       Potion            |       |       |       |     2 ||     2
 Stab: Sleeping          |     7 |    34 |    10 |     6 ||    57
       Distracted        |     1 |       |       |     1 ||     2
Armor: Leather armour    |    12 |    14 |    31 |       ||    57
       Skin              |       |       |    34 |    32 ||    66
       Robe              |       |       |       |     5 ||     5
Dodge: Dodged            |    37 |    88 |   210 |    90 ||   425

Levels and vault maps discovered:
D:1:      tarquinn_simple_flora_water_e, layout_loops_ring
D:2:      minmay_door_path, layout_rooms, minmay_octomino_c4
D:3:      layout_loops_ring, serial_shops, nicolae_shop_waterfront
D:4:      layout_loops_cross, gammafunk_temple_overflow_claw
D:5:      layout_basic, minmay_holes, interstate_on_off, uniq_eustachio
D:6:      layout_loops_ring, mainiacjoe_overflow_alcove_4
D:7:      minmay_evil_eye, layout_rooms, minmay_temple_entry_hall,
          enter_bailey_5, due_unseen_surprise
D:8:      layout_basic, nicolae_wu_jian_immortal_techniques,
          lemuel_doored_altar, uniq_erica
D:9:      layout_small_grid, zombieorc2_lemuel, nrook_mini_backslash,
          nrook_campfire, kennysheep_generic_room_3
Temple:   nicolae_temple_elliptical

Notes
Turn   | Place    | Note
-------+----------+-------------------------------------------
     0 | D:5      | sanka the Kobold Delver began the quest for the Orb.
     0 | D:5      | Reached XP level 1. HP: 14/14 MP: 1/1
   334 | D:5      | Identified the +5 short sword of the Vendetta {holy,
                  | Fragile rElec Will+}
   577 | D:5      | Noticed Eustachio
   580 | D:5      | Noticed a crimson imp
   580 | D:5      | Noticed an iron imp
   580 | D:5      | Noticed a quasit
   682 | D:5      | Noticed a crimson imp
   682 | D:5      | Noticed an iron imp
   944 | D:6      | Noticed a bullfrog
  1105 | D:4      | Reached XP level 2. HP: 20/20 MP: 2/2
  1121 | D:4      | Reached skill level 4 in Fighting
  1354 | D:4      | Found a basalt altar of Yredelemnul.
  1354 | D:4      | Found a sacrificial altar of Ru.
  1354 | D:4      | Found a hide-covered altar of Uskayaw.
  1385 | D:4      | Reached skill level 3 in Dodging
  1411 | D:4      | Reached XP level 3. HP: 23/24 MP: 3/3
  1473 | D:4      | Noticed a scorpion
  2000 | D:4      | Noticed a kobold brigand
  2010 | D:4      | Reached skill level 4 in Dodging
  2380 | D:6      | Reached XP level 4. HP: 15/29 MP: 4/4
  2587 | D:7      | Noticed a steam dragon
  2688 | D:7      | Found a staircase to the Ecumenical Temple.
  2695 | Temple   | Entered the Ecumenical Temple
  3067 | Temple   | Became a worshipper of Warmaster Okawaru
  3149 | D:6      | Reached skill level 2 in Spellcasting
  3154 | D:6      | Learned a level 4 spell: Ice Form
  3612 | D:6      | Reached XP level 5. HP: 32/33 MP: 8/8
  3653 | D:5      | Noticed an ogre
  3664 | D:5      | Reached skill level 1 in Transmutations
  3664 | D:5      | Reached skill level 1 in Ice Magic
  3763 | D:3      | Found Rotur's Magic Scroll Boutique.
  5127 | D:2      | Noticed a necrophage
  5435 | D:3      | Reached skill level 2 in Transmutations
  5568 | D:3      | Reached skill level 2 in Ice Magic
  5848 | D:3      | Reached XP level 6. HP: 38/38 MP: 9/9
  5956 | D:5      | Noticed an ogre
  6505 | D:5      | Noticed an ogre
  6518 | D:5      | Killed an ogre
  6518 | D:5      | Reached * piety under Okawaru
  6519 | D:5      | Reached skill level 3 in Transmutations
  6519 | D:5      | Reached skill level 3 in Ice Magic
  6519 | D:5      | Reached XP level 7. HP: 12/43 MP: 10/10
  7424 | D:6      | Found a blossoming altar of Fedhas.
  7446 | D:6      | Noticed a water moccasin
  7515 | D:6      | Reached skill level 2 in Invocations
  7696 | D:7      | Noticed a deep elf pyromancer
  7846 | D:7      | HP: 2/43 [wyvern zombie (11)]
  7848 | D:7      | Reached skill level 4 in Transmutations
  7848 | D:7      | Reached skill level 4 in Ice Magic
  8237 | D:7      | Noticed a water moccasin
  8312 | D:7      | Noticed a wyvern
  8397 | D:7      | Reached XP level 8. HP: 24/48 MP: 11/11
  8639 | D:7      | Reached skill level 5 in Transmutations
  8639 | D:7      | Reached skill level 5 in Ice Magic
 10602 | D:6      | Reached skill level 6 in Transmutations
 10602 | D:6      | Reached skill level 6 in Ice Magic
 10797 | D:7      | Reached XP level 9. HP: 44/52 MP: 8/12
 11002 | D:8      | Killed Eustachio
 11104 | D:8      | Identified the +4 spear of the Lesser Evil {chaos, rElec}
 11117 | D:8      | Reached skill level 7 in Transmutations
 11117 | D:8      | Reached skill level 7 in Ice Magic
 11567 | D:8      | Found a stormy altar of Qazlal.
 11597 | D:8      | Found an ornate altar of the Wu Jian Council.
 11874 | D:8      | Noticed Erica
 12695 | D:3      | Bought a scroll of identify for 20 gold pieces
 12695 | D:3      | Bought a scroll of fear for 35 gold pieces
 12695 | D:3      | Bought a scroll of teleportation for 30 gold pieces
 12695 | D:3      | Bought a scroll of teleportation for 30 gold pieces
 12695 | D:3      | Bought a scroll of teleportation for 30 gold pieces
 12695 | D:3      | Bought a scroll of summoning for 95 gold pieces
 12912 | D:4      | Reached skill level 3 in Unarmed Combat
 13026 | D:5      | Reached ** piety under Okawaru
 13027 | D:5      | Reached skill level 4 in Unarmed Combat
 14082 | D:6      | Found a blossoming altar of Fedhas.
 14491 | D:5      | Reached skill level 5 in Unarmed Combat
 15753 | D:9      | Reached skill level 6 in Unarmed Combat
 15753 | D:9      | Reached XP level 10. HP: 56/56 MP: 7/14
 15952 | D:9      | Found a staircase to the Orcish Mines.
 16228 | D:9      | Reached skill level 7 in Unarmed Combat
 16315 | D:9      | Reached *** piety under Okawaru
 16316 | D:9      | Reached skill level 8 in Unarmed Combat
 17075 | D:9      | Reached skill level 9 in Unarmed Combat
 17127 | D:9      | Killed from afar by an orc priest

Vanquished Creatures
  A wyvern (D:7)
  2 shadows
  2 wraiths
  Eustachio (D:8)
  3 water moccasins
  3 orc warriors (D:8)
  A black bear (D:7)
  A necrophage (D:2)
  3 ogres (D:5)
  3 centaurs (D:9)
  A phantom (D:7)
  4 kobold brigands
  2 bullfrogs
  A water moccasin zombie (D:5)
  2 wyvern zombies (D:7)
  3 scorpions
  A killer bee (D:7)
  2 bullfrog zombies (D:6)
  A bullfrog skeleton (D:5)
  A jelly (D:5)
  2 centaur skeletons
  2 gnoll shamans (D:7)
  3 orc priests
  A hound (D:5)
  2 iguanas
  6 orc wizards
  A killer bee zombie (D:6)
  8 ogre zombies (D:9)
  9 gnolls
  5 adders
  A white imp (D:8)
  An adder skeleton (D:4)
  A worm (D:3)
  2 dart slugs
  21 orcs
  4 ball pythons
  3 endoplasms
  3 giant cockroaches
  13 goblins
  6 hobgoblins
  16 jackals
  2 quokkas (D:4)
  3 bats (D:2)
  3 frilled lizards
  A goblin skeleton (D:9)
  3 goblin zombies (D:9)
  A hobgoblin skeleton (D:9)
  3 hobgoblin zombies (D:9)
  10 kobolds
  3 orc skeletons (D:9)
  14 orc zombies (D:9)
  6 rats
197 creatures vanquished.
